 Dungeon Crawl Stone Soup version 0.12.2-18-gb8c16a5 (webtiles) character file.

269 Rycklaryybbe the Insei (level 4, -4/35 HPs)
             Began as a Demonspawn Chaos Knight on Aug 17, 2013.
             Was a Plaything of Xom.
             Killed by divine providence
             ... invoked by an orc priest
              (13 damage)
             ... on Level 4 of the Dungeon.
             The game lasted 00:07:07 (2262 turns).

Rycklaryybbe the Insei (Demonspawn Chaos Knight)    Turns: 2262, Time: 00:07:12

HP  -4/35        AC  8     Str 12      XL: 4   Next: 55%
MP   4/4         EV 13     Int 11 (13) God: Xom
Gold 163         SH  0     Dex 13      Spells:  0 memorised,  3 levels left

Res.Fire  : x . .   See Invis. : .   a - +2 short sword
Res.Cold  : + . .   Warding    : .   b - +2 leather armour
Life Prot.: . . .   Conserve   : .   (no shield)
Res.Poison: .       Res.Corr.  : .   h - +0 helmet
Res.Elec. : .       Clarity    : +   w - +0 cloak
Sust.Abil.: . .     Spirit.Shd : .   (no gloves)
Res.Mut.  : .       Stasis     : .   (no boots)
Res.Rott. : .       Ctrl.Telep.: .   (no amulet)
Saprovore : . . .   Flight     : .   o - +3 ring of evasion
                                     t - ring of ice

@: slightly resistant to hostile enchantments, very unstealthy
A: hooves 1, clarity, AC +1, Dex -1
a: Renounce Religion


You were on level 4 of the Dungeon.
You worshipped Xom.
You were a plaything of Xom.
You were full.

You visited 1 branch of the dungeon, and saw 4 of its levels.

You collected 143 gold pieces.

Inventory:

Hand weapons
 a - a +2,+2 short sword (weapon)
 p - a +0,+0 dagger (quivered)
Missiles
 j - 15 poisoned needles
 v - 24 stones
Armour
 b - a +2 leather armour (worn)
 h - a +0 helmet (worn)
 w - a +0 cloak (worn)
Comestibles
 c - a bread ration
 l - 2 chokos
 z - a meat ration
 A - a rotting chunk of hobgoblin flesh
 C - 2 rotting chunks of orc flesh
Scrolls
 d - 4 scrolls of identify {unknown}
 g - a scroll of fear {unknown}
 i - a scroll of magic mapping {unknown}
 n - 2 scrolls of enchant weapon I {unknown}
 q - 2 scrolls of fog {unknown}
 s - 2 scrolls of teleportation {unknown}
 u - 2 scrolls of enchant weapon II {unknown}
Jewellery
 o - a +3 ring of evasion (right hand)
 t - a ring of ice (left hand)
Potions
 e - a potion of might
 f - a potion of agility
 r - a potion of poison {unknown}


   Skills:
 - Level 3.0 Fighting
 - Level 2.6 Short Blades
 - Level 1.7 Armour
 - Level 0.8 Dodging
 + Level 3.8 Unarmed Combat


You had 3 spell levels left.
You didn't know any spells.

Dungeon Overview and Level Annotations

Branches:
Dungeon (4/27)
 Temple: D:4-7

Altars:
Cheibriados
Zin

Annotations
D:3 Sigmund; hurdos' ghost, average DDFi


Innate Abilities, Weirdness & Mutations

You have large cloven feet.
You are partially covered in rugged brown scales (AC +1, +3% HP).
You possess an exceptional clarity of mind.
You are clumsy (Dex -1).


Message History

You feel troubled. The orc closely misses you. The orc closely misses you.
The bat hits you but does no damage. The bat closely misses you.
You hit the orc.
You kill the orc!
The orc hits you with an orcish flail! The bat misses you.
You hit the orc priest. You kick the orc priest.
The orc priest is heavily wounded.
The orc closely misses you. The orc priest completely misses you.
The orc hits you with a glowing orcish hand axe.
The bat hits you but does no damage. The worker ant misses you.
Unknown command.
Drink which item? (? for menu, Esc to quit)
That potion was really gluggy!
It was a potion of porridge.
Xom roars with laughter!
The orc hits you with an orcish flail.
* * * LOW HITPOINT WARNING * * *
The orc priest mumbles some strange prayers to Beogh against you.
Something smites you!
You die...
Xom thinks this is hilarious!

... .........
#.........#
≈#.........#≈
≈≈#....g....#≈≈
§§#....%....#≈≈
§§#.....b...#≈≈
§≈≈#...ao%...#≈≈≈
§§≈#...o@o..?#≈≈≈
≈§≈#.........#≈≈≈
§≈#.........#≈≈
≈≈#........(#≈≈
≈≈#.........#≈≈
≈#.........#≈
#.........#
......... ...


You could see a worker ant, an orc priest, 2 orcs, a goblin and a bat.

Vanquished Creatures
  2 adders
  An inept feature mimic (D:2)
  A giant mite (D:1)
  A worm (D:2)
  4 orcs
  A ball python (D:2)
  5 giant cockroaches
  4 goblins
  7 hobgoblins
  2 jackals (D:1)
  12 kobolds
  2 quokkas
  3 bats
  A giant gecko (D:1)
  3 giant newts
  8 rats
57 creatures vanquished.

Vanquished Creatures (others)
  A worm (D:2)
  A kobold (D:2)
2 creatures vanquished.

Grand Total: 59 creatures vanquished

Notes
Turn   | Place    | Note
--------------------------------------------------------------
     0 | D:1      | Rycklaryybbe, the Demonspawn Chaos Knight, began the quest for the Orb.
     0 | D:1      | Reached XP level 1. HP: 16/16 MP: 1/1
    21 | D:1      | XOM: miscast effect
    90 | D:1      | Reached skill level 1 in Unarmed Combat
    93 | D:1      | XOM: potion effect (berserk)
    95 | D:1      | Gained mutation: You are partially covered in rugged brown scales (AC +1, +3% HP). [demonic ancestry]
    95 | D:1      | Reached XP level 2. HP: 22/22 MP: 2/2
   194 | D:1      | XOM: 8-stop teleportation journey
   347 | D:1      | XOM: colour smoke trail
  1036 | D:2      | Gained mutation: You have large cloven feet. [demonic ancestry]
  1036 | D:2      | Reached XP level 3. HP: 28/28 MP: 3/3
  1101 | D:2      | Found a snail-covered altar of Cheibriados.
  1157 | D:2      | XOM: 7-stop teleportation journey
  1174 | D:2      | XOM: 6-stop teleportation journey
  1255 | D:2      | XOM: noise
  1586 | D:2      | XOM: miscast effect
  1607 | D:2      | XOM: noise
  1610 | D:2      | XOM: repel stairs
  1669 | D:2      | Reached XP level 4. HP: 33/35 MP: 4/4
  1802 | D:2      | XOM: give mutations
  1802 | D:2      | Gained mutation: You are clumsy (Dex -1). [Xom's mischief]
  1802 | D:2      | Gained mutation: You possess an exceptional clarity of mind. [Xom's mischief]
  2091 | D:3      | Found a glowing silver altar of Zin.
  2098 | D:3      | XOM: miscast effect
  2135 | D:3      | XOM: confuse monster(s)
  2163 | D:3      | Noticed hurdos' ghost (average DDFi)
  2164 | D:3      | XOM: miscast effect
  2165 | D:3      | Noticed a neqoxec
  2236 | D:3      | Noticed Sigmund
  2254 | D:4      | XOM: miscast effect
  2262 | D:4      | Killed from afar by an orc priest

Action                   |  1- 3 |  4- 6 || total
-------------------------+-------+-------++-------
Melee: Short sword       |   119 |    61 ||   180
Throw: Stone             |    13 |       ||    13
       Dagger            |     1 |       ||     1
  Use: Potion            |     1 |     4 ||     5
       Scroll            |       |     2 ||     2
 Stab: Sleeping          |       |     2 ||     2
       Confused          |       |     1 ||     1
